 Dungeon Crawl Stone Soup version 0.27-a0-1177-g245c70e1c0 (webtiles) character file.

Game seed: 5696466198307961900

2490 polve the Fighter (level 9, -7/97 HPs)
             Began as a Troll Fighter on May 16, 2021.
             Was a Follower of Qazlal.
             Mangled by an orc knight
             ... wielding a +0 war axe
              (24 damage)
             ... in a bailey.
             The game lasted 00:05:49 (4593 turns).

polve the Fighter (Troll Fighter)                   Turns: 4593, Time: 00:05:50

Health: -7/97      AC: 10    Str: 29    XL:     9   Next: 27%
Magic:  17/17      EV:  7    Int:  9    God:    Qazlal [*.....]
Gold:   355        SH: 10    Dex:  9    Spells: 8/8 levels left

rFire    . . .     SeeInvis .     - Unarmed
rCold    + . .     Faith    .   b - +0 kite shield
rNeg     . . .     Spirit   .   y - +2 robe {rC+}
rPois    .         Reflect  .   (helmet restricted)
rElec    .         Harm     .   (no cloak)
rCorr    .         Rampage  .   (gloves unavailable)
Will     .....                  (boots unavailable)
Stlth    +.........             (no amulet)
HPRegen  1.26/turn              s - ring of Moinnoqustro {AC+4 Int+5}
MPRegen  0.15/turn              A - ring of magical power

@: mighty
A: large, unfitting armour, claws 3, regeneration 1, shaggy fur 1, tough skin 1
a: Renounce Religion


You were in a bailey.
You worshipped Qazlal.
Qazlal was aware of your devotion.
You visited 2 branches of the dungeon, and saw 8 of its levels.
You also visited: Bailey.

You collected 355 gold pieces.

Inventory:

Missiles
 m - 2 throwing nets
 v - 4 large rocks (quivered)
 E - 6 curare-tipped darts
Armour
 b - a +0 kite shield (worn)
 y - a +2 robe of cold resistance (worn)
Jewellery
 s - the ring of Moinnoqustro (left claw) {AC+4 Int+5}
   (You found it on level 4 of the Dungeon)

   [ring of protection]

   It affects your AC (+4).
   It affects your intelligence (+5).
 A - a ring of magical power (right claw)
 G - a ring of wizardry
Wands
 o - a wand of mindburst (31)
Scrolls
 e - 8 scrolls of identify {unknown}
 g - a scroll of enchant armour {unknown}
 h - a scroll of enchant weapon {unknown}
 l - a scroll of holy word {unknown}
 n - 2 scrolls of noise {unknown}
 p - 2 scrolls of amnesia {unknown}
 q - a scroll of magic mapping {unknown}
 r - 2 scrolls of fear {unknown}
 u - 5 scrolls of teleportation {unknown}
 w - 2 scrolls of blinking {unknown}
 D - 2 scrolls of summoning {unknown}
 F - a scroll of silence {unknown}
Potions
 a - a potion of attraction {unknown}
 d - a potion of lignification {unknown}
 f - 2 potions of degeneration {unknown}
 i - 2 potions of curing {unknown}
 j - a potion of brilliance {unknown}
 k - a potion of haste {unknown}
 t - a potion of berserk rage {unknown}
 x - a potion of invisibility {unknown}
 z - a potion of cancellation {unknown}
 B - 2 potions of heal wounds {unknown}
 C - a potion of resistance {unknown}


   Skills:
 + Level 8.8 Fighting
 - Level 2.4 Dodging
 - Level 2.4 Shields
 - Level 8.0 Unarmed Combat


You had 8 spell levels left.
You didn't know any spells.
Your spell library contained the following spells:

 Spells                   Type           Power      Damage    Failure   Level
 Magic Dart               Conj           0%         1d3       86%         1
 Blink                    Tloc           N/A        N/A       94%         2
 Call Imp                 Summ           0%         N/A       94%         2
 Searing Ray              Conj           0%         3d3       94%         2
 Slow                     Hex            0%         N/A       94%         2
 Conjure Flame            Conj/Fire      0%         6-21      99%         3
 Dazzling Flash           Conj/Hex       0%         N/A       99%         3
 Mephitic Cloud           Conj/Pois/Air  0%         N/A       99%         3
 Fulminant Prism          Conj/Hex       0%         3d6       100%        4
 Iskenderun's Mystic Bla  Conj/Tloc      0%         2d3       100%        4


Dungeon Overview and Level Annotations

Branches:
Dungeon (7/15)             Temple (1/1) D:6          Bailey (1/1)

Altars:
Ashenzari
Cheibriados
Dithmenos
Elyvilon
Fedhas
Gozag
Hepliaklqana
Kikubaaqudgha
Makhleb
Nemelex Xobeh
Okawaru
Qazlal
Sif Muna
Vehumet
Wu Jian
Xom
Yredelemnul
Zin


Innate Abilities, Weirdness & Mutations

You are too large for most types of armour.
You have claws for hands.
Your natural rate of healing is unusually fast.
You are covered in fur. (AC +1)
You have tough skin. (AC +1)


Message History

A hobgoblin comes into view. It is wielding a +0 hand axe.
The hobgoblin moves out of view.
The hobgoblin shouts!
You feel very mighty all of a sudden.
A goblin comes into view. It is wielding a +0 hand axe.
Your shield prevents you from hitting the orc knight.
The orc knight closely misses you.
A hobgoblin comes into view. It is wielding a +0 war axe.
An orc warrior comes into view. It is wielding a +0 war axe.
You closely miss the orc knight.
The orc warrior shouts!
The orc knight is engulfed in blazing flames.
The orc knight roars a battlecry!
The orcs go into a battle-frenzy!
The orc knight is engulfed in blazing flames.
The orc knight hits you with a +0 war axe!
You mangle the orc knight!!
The orc knight is heavily wounded.
The orc knight is engulfed in blazing flames.
The orc knight barely misses you.
You completely miss the orc knight.
The orc knight is heavily wounded.
The orc knight is engulfed in blazing flames.
The orc knight hits you with a +0 war axe!!
You scratch the orc knight but do no damage.
The orc knight is severely wounded.
You closely miss the orc knight.
The orc knight is severely wounded.
The orc knight hits you with a +0 war axe!!
The orc warrior hits you with a +0 hand axe!
* * * LOW HITPOINT WARNING * * *
You miss the orc knight.
The orc knight is severely wounded.
You block the orc knight's attack.
The orc warrior hits you with a +0 hand axe!
* * * LOW HITPOINT WARNING * * *
You closely miss the orc knight.
The orc knight is severely wounded.
The orc knight hits you with a +0 war axe!!
You die...

#...K≈.≈KKK.#
#'###≈.≈###'#
#....≈.≈....#
#'###≈.≈###+#
#^...≈.≈K...#
######+######
#†)[# #...#
#.@o# ##o##


goo .g8gg .#.g.#. ####.#### ... ... You could see an orc knight, 3 orc warriors,
a gnoll, 2 hobgoblins and 2 goblins.

Vanquished Creatures
  Prince Ribbit (D:7)
  Edmund (D:4)
  A black bear (D:5)
  An ice beast (D:5)
  A necrophage (D:6)
  2 orc warriors (Bailey)
  2 ogres (D:6)
  A centaur (D:6)
  A phantom (D:4)
  2 kobold brigands (D:6)
  Blork the orc (D:5)
  A wyvern skeleton (D:6)
  5 wights (D:6)
  3 orc priests
  2 bullfrog zombies
  3 centaur skeletons
  A bullfrog skeleton (D:6)
  2 hounds (D:6)
  A jelly (D:5)
  A gnoll shaman (D:4)
  3 iguanas (D:5)
  Ijyb (D:5)
  Terence (D:2)
  7 orc wizards
  7 gnolls
  4 adders
  4 white imps
  2 worms
  2 dart slugs
  16 orcs
  7 bats
  4 endoplasms
  4 giant cockroaches
  12 hobgoblins
  3 jackals (D:1)
  2 quokkas
  10 ball pythons
  A frilled lizard (D:1)
  5 goblins
  13 kobolds
  8 rats
149 creatures vanquished.

Notes
Turn   | Place    | Note
-------+----------+-------------------------------------------
     0 | D:1      | polve the Troll Fighter began the quest for the Orb.
     0 | D:1      | Reached XP level 1. HP: 22/22 MP: 0/0
   203 | D:1      | Reached XP level 2. HP: 28/29 MP: 1/1
   272 | D:1      | Found a faded altar of an unknown god.
   744 | D:2      | Noticed Terence
   752 | D:2      | Killed Terence
   753 | D:2      | Reached XP level 3. HP: 34/37 MP: 2/2
   881 | D:2      | Reached XP level 4. HP: 45/45 MP: 3/3
  1898 | D:3      | Reached XP level 5. HP: 38/53 MP: 4/4
  2023 | D:4      | Noticed Edmund
  2044 | D:4      | Killed Edmund
  2111 | D:4      | Reached XP level 6. HP: 60/62 MP: 5/5
  2156 | D:4      | Identified the ring of Moinnoqustro {AC+4 Int+5}
  2243 | D:4      | Reached skill level 5 in Unarmed Combat
  2847 | D:5      | Entered Level 5 of the Dungeon
  2864 | D:5      | Reached XP level 7. HP: 65/71 MP: 6/6
  2889 | D:5      | Noticed Ijyb
  2894 | D:5      | Killed Ijyb
  2895 | D:5      | Reached skill level 5 in Fighting
  3004 | D:5      | Noticed Blork the orc
  3019 | D:5      | Killed Blork the orc
  3326 | D:5      | Reached XP level 8. HP: 69/83 MP: 7/7
  3602 | D:6      | Found a staircase to the Ecumenical Temple.
  3613 | Temple   | Entered the Ecumenical Temple
  3621 | Temple   | Became a worshipper of Qazlal Stormbringer
  3687 | D:6      | Found an iron altar of Okawaru.
  3950 | D:6      | Found a large runed translucent door.
  3951 | D:6      | Found a large runed translucent door.
  4367 | D:6      | Found a broken altar of Ashenzari.
  4380 | D:6      | Found a hazy altar of Hepliaklqana.
  4384 | D:6      | Reached XP level 9. HP: 96/96 MP: 8/8
  4461 | D:7      | Found a flagged portal.
  4465 | D:7      | Noticed Prince Ribbit
  4492 | D:7      | Killed Prince Ribbit
  4492 | D:7      | Reached * piety under Qazlal
  4502 | Bailey   | Entered a bailey
  4584 | Bailey   | Noticed an orc knight
  4593 | Bailey   | Mangled by an orc knight

Illustrated notes

Levels and vault maps discovered:
D:1:      sevenhm_arrival_forest_fort_large_4, layout_basic,
          chequers_ecumenical_altar_twisty, minmay_pentomino_o2
D:2:      layout_loops_corners, grunt_ministairs_2, uniq_terence
D:3:      layout_rooms
D:4:      layout_gridville, uniq_edmund
D:5:      layout_rooms, uniq_ijyb, uniq_blork_the_orc
D:6:      cheibrodos_thug_alley, layout_basic, amcnicky_altar_gilded,
          jmf_multi_god_temple2, minmay_temple_entry_junction_2, serial_glass,
          glass_columns_a, glass_columns_c, chequers_serial_rivers_micro_e,
          lemuel_another_geyser
D:7:      layout_basic, enter_bailey_6, minmay_manual_mail, uniq_prince_ribbit1
Temple:   nicolae_temple_no_exploring_needed
Bailey:   bailey_axe_1, bailey

Skill      XL: |  1  2  3  4  5  6  7  8  9 |
---------------+----------------------------+-----
Unarmed Combat | 3 4 5 6 8 |  8.0
Fighting       | 3 4 5 7 8 |  8.8
Dodging        | |  2.4
Shields        | |  2.4

Action                   |  1- 3 |  4- 6 |  7- 9 || total
-------------------------+-------+-------+-------++-------
Melee: Unarmed           |    78 |   169 |   223 ||   470
  Use: Potion            |       |       |     1 ||     1
 Stab: Sleeping          |     1 |       |       ||     1
Armor: Robe              |    30 |    42 |   113 ||   185
Dodge: Dodged            |    17 |    47 |    67 ||   131
Block: Kite shield       |    31 |    64 |   114 ||   209

Table legend: (Time is in decaauts)
 A = Elapsed time spent in this place.
 B = Non-inter-level travel time spent in this place.
 C = Inter-level travel time spent in this place.
 D = Time resting spent in this place.
 E = Time spent auto-exploring this place.
 F = Levels seen in this place.
 G = Mean time per level.
                   A        B        C        D        E       F      G
               +--------+--------+--------+--------+--------+-----+--------+
         Total |   4659 |   4522 |    137 |      0 |   3479 |   9 |  517.7 |
       Dungeon |   4550 |   4422 |    128 |      0 |   3439 |   7 |  650.0 |
        Temple |     16 |      8 |      8 |      0 |      0 |   1 |   16.0 |
        Bailey |     92 |     92 |      0 |      0 |     40 |   1 |   92.0 |
               +--------+--------+--------+--------+--------+-----+--------+

Top non-repeatable levels by time:
     D:6: 1020 daAuts
     D:2: 914 daAuts
     D:4: 866 daAuts
     D:1: 683 daAuts
     D:5: 558 daAuts
     D:3: 420 daAuts
  Bailey: 92 daAuts
     D:7: 87 daAuts
  Temple: 16 daAuts
